 Dungeon Crawl Stone Soup version 0.25-a0-1118-g1a081956a1 (webtiles) character file.

Game seed: 14085724216835714979, levelgen mode: deterministic

43 P0NYSLAYSTATION the Cudgeler (level 3, -6/33 HPs)
             Began as a Minotaur Monk on May 17, 2020.
             Killed from afar by an oklob plant (15 damage)
             ... with a splash of acid
             ... on level 2 of the Dungeon.
             The game lasted 00:02:55 (381 turns).

P0NYSLAYSTATION the Cudgeler (Minotaur Monk)         Turns: 381, Time: 00:02:56

Health: -6/33      AC:  6    Str: 16    XL:     3   Next: 37%
Magic:  2/2        EV: 12    Int:  7    God:
Gold:   14         SH:  0    Dex: 12    Spells: 2/2 levels left

rFire    . . .     SeeInvis .   a - +0 mace
rCold    . . .     Gourm    .   (no shield)
rNeg     . . .     Faith    .   e - +0 ring mail
rPois    .         Spirit   .   (helmet restricted)
rElec    .         Reflect  .   (no cloak)
rCorr    .         Harm     .   h - +0 pair of gloves
MR       .....                  (no boots)
Stlth    +.........             (no amulet)
HPRegen  0.11/turn              (no ring)
MPRegen  0.08/turn              (no ring)

@: no status effects
A: retaliatory headbutt, horns 2
a: no special abilities


You were on level 2 of the Dungeon.
You were not hungry.

You visited 1 branch of the dungeon, and saw 2 of its levels.

You collected 14 gold pieces.

Inventory:

Hand Weapons
 a - a +0 mace (weapon)
Armour
 b - a +0 robe
 e - a +0 ring mail (worn)
 h - a +0 pair of gloves (worn)
Scrolls
 i - 3 scrolls of identify {unknown}
Potions
 d - a potion of haste {unknown}
 g - 3 potions of flight {unknown}
Comestibles
 c - a ration
 f - a chunk of flesh


   Skills:
 + Level 4.2 Fighting
 + Level 4.2 Maces & Flails
 * Level 1.1 Armour
 + Level 3.7 Dodging
 + Level 1.7 Stealth


You had 2 spell levels left.
You didn't know any spells.
Your spell library was empty.

Dungeon Overview and Level Annotations

Branches:
Dungeon (2/15)

Altars:
Fedhas
Kikubaaqudgha
Makhleb

Annotations:
D:2 exclusion: oklob plant


Innate Abilities, Weirdness & Mutations

You reflexively headbutt those who attack you in melee.
You have a pair of horns on your head.


Message History

The oklob plant is lightly damaged.
You hit the oklob plant.
The oklob plant is lightly damaged.
The oklob plant spits acid at you. The splash of acid hits you!
You are splashed with acid!
* * * LOW HITPOINT WARNING * * *
You hit the oklob plant.
You headbutt the oklob plant, but do no damage.
The oklob plant is lightly damaged.
The plant is no longer covered in acid.
You hit the oklob plant.
The oklob plant is lightly damaged.
You sock the oklob plant!
The oklob plant is moderately damaged.
You hit the oklob plant but do no damage.
You headbutt the oklob plant, but do no damage.
The oklob plant is moderately damaged.
The oklob plant spits acid at you. The splash of acid hits you!
You die... .....## ###÷# ......## ##.#.# .......####....# .......'.......# ################# ## PPPPP♣PPPP

P# P.#♣PPP♣.#♣.#
.PP♣♣PP..P♣#
P♣#P###P#.PPP@..#
P#.......PPPP.P.#
##P..≈≈≈≈≈..PPP.P.#
#♣P..≈≈≈≈≈≈≈..P.PPP#
P#..≈≈≈≈≈≈≈≈≈..P♣♣♣#
P.≈≈≈≈≈≈≈≈≈≈≈.P♣P♣
##.≈≈≈≈...≈≈≈≈.PP#
...≈≈≈≈._......♣P###
##.≈≈≈≈...≈≈≈≈.♣..P#


You could see an oklob plant.

Vanquished Creatures
  A crimson imp (D:2)
  A goblin (D:1)
  3 kobolds
  2 bats (D:2)
  2 rats (D:2)
  A fungus (D:2)
10 creatures vanquished.

Notes
Turn   | Place    | Note
-------+----------+-------------------------------------------
     0 | D:1      | P0NYSLAYSTATION the Minotaur Monk began the quest for the
                  | Orb.
     0 | D:1      | Reached XP level 1. HP: 19/19 MP: 0/0
   110 | D:2      | Found an ancient bone altar of Kikubaaqudgha.
   197 | D:2      | Found a burning altar of Makhleb.
   197 | D:2      | Noticed a crimson imp
   206 | D:2      | Killed a crimson imp
   206 | D:2      | Reached skill level 1 in Armour
   206 | D:2      | Reached XP level 2. HP: 26/27 MP: 1/1
   206 | D:2      | Reached XP level 3. HP: 32/33 MP: 2/2
   338 | D:2      | Found a blossoming altar of Fedhas.
   359 | D:2      | Noticed an oklob plant
   381 | D:2      | Killed from afar by an oklob plant

Illustrated notes

Levels and vault maps discovered:
D:1:      dpeg_arrival_arbitrary_b, layout_basic
D:2:      layout_loops_corners, kiku_gazebo_pond_becter, vehumet_crystals,
          tgw_fedhas, makhleb_grotto_becter

Skill      XL: |  1 |
---------------+----+-----
Fighting       | 4 |  4.2
Maces & Flails | 4 |  4.2
Armour         | 1 |  1.1
Dodging        | |  3.7
Stealth        | |  1.7

Action                   || total
-------------------------++-------
Melee: Mace              ||    39
       Headbutt          ||     6
 Stab: Sleeping          ||     1
Armor: Robe              ||     4
       Ring mail         ||     3
Dodge: Dodged            ||    10

Table legend:
 A = Non-vault XP
 B = Vault XP
 C = Vault XP percentage of total XP
 D = Non-vault monster count
 E = Vault monster count
 F = Vault count percentage of total count
                 A         B        C        D         E       F
            +---------+---------+-------+---------+---------+-------
      Total |      12 |      50 |  80.6 |       8 |       1 |  11.1
            +---------+---------+-------+---------+---------+-------
        D:1 |       6 |       0 |   0.0 |       3 |       0 |   0.0
        D:2 |       6 |      50 |  89.3 |       5 |       1 |  16.7
            +---------+---------+-------+---------+---------+-------
